 Dungeon Crawl Stone Soup version 0.17.1-3-g152610e (webtiles) character file.

130 Gargoyl the Skirmisher (level 4, -3/37 HPs)
             Began as a Demonspawn Abyssal Knight on Mar 11, 2016.
             Was a Believer of Lugonu.
             Slain by a gnoll (8 damage)
             ... on level 3 of the Dungeon.
             The game lasted 00:05:23 (4190 turns).

Gargoyl the Skirmisher (Demonspawn Abyssal Knight)  Turns: 4190, Time: 00:05:23

Health: -3/37      AC:  4    Str: 13    XL:     4   Next: 90%
Magic:  6/6        EV: 12    Int: 19    God:    Lugonu [**....]
Gold:   51         SH:  0    Dex: 12    Spells: 0 memorised, 3 levels left

rFire  + . .     SeeInvis .     a - +1 hand axe
rCold  + . .     Clarity  .     b - +0 leather armour
rNeg   . . .     SustAt   .     (no shield)
rPois  +         Gourm    .     (no helmet)
rElec  +         Spirit   .     (no cloak)
rCorr  +         Warding  .     i - +0 pair of gloves
rMut   .         Stasis   .     (no boots)
MR     .....                    (no amulet)
Stlth  +.........               (no ring)
                                (no ring)

@: brilliant, resistant, not resistant to hostile enchantments, very unstealthy
A: claws 1, rot immunity
a: Depart the Abyss, Bend Space, Renounce Religion


You were on level 3 of the Dungeon.
You worshipped Lugonu.
Lugonu was pleased with you.
You were not hungry.

You visited 1 branch of the dungeon, and saw 3 of its levels.
You visited the Abyss 1 time.

You collected 51 gold pieces.

Inventory:

Hand Weapons
 a - a +1 hand axe (weapon)
Missiles
 m - 12 tomahawks (quivered)
Armour
 b - a +0 leather armour (worn)
 i - a +0 pair of gloves (worn)
Scrolls
 h - a scroll of noise {unknown}
 o - a scroll of teleportation {unknown}
Potions
 e - a potion of brilliance
 g - a potion of cure mutation
 k - a potion of invisibility
 l - a potion of lignification {unknown}
Comestibles
 c - 2 bread rations
 f - 2 beef jerkies


   Skills:
 + Level 3.7 Fighting
 + Level 2.4 Axes
 + Level 2.2 Armour
 + Level 2.5 Dodging
 + Level 1.0 Stealth
 + Level 2.9 Invocations


You had 3 spell levels left.
You didn't know any spells.

Dungeon Overview and Level Annotations

Branches:
Dungeon (3/15)

Altars:
Fedhas
The Shining One


Innate Abilities, Weirdness & Mutations

You have sharp fingernails.
You are immune to rotting.


Message History

The gnoll hits you but does no damage.
Drink which item? (? for menu, Esc to quit)
It was a potion of brilliance.
You feel clever all of a sudden. The orc wizard barely misses you.
The gnoll hits you but does no damage.
Drink which item? (? for menu, Esc to quit)
You feel better. The orc wizard hits you with a dagger.
* * * LOW HITPOINT WARNING * * *
The orc wizard hits you but does no damage.
The gnoll closely misses you.
Drink which item? (? for menu, Esc to quit)
It was a potion of resistance.
You feel protected. The orc wizard barely misses you.
The gnoll completely misses you.
Drink which item? (? for menu, Esc to quit)
It was a potion of cure mutation.
It has a very clean taste.
The orc wizard hits you with a dagger.
* * * LOW HITPOINT WARNING * * *
The orc wizard barely misses you. The gnoll hits you!
You die...

.# .# . .# .
.###.###.#
##.......##
##..⌠...⌠..#
#...........
#..g..⌠.....
#..@o....<..
#...†.⌠.....
#...........
##..⌠..?⌠..#
##.......##
#########


You could see an orc wizard and a gnoll.

Vanquished Creatures
  2 gnolls (D:2)
  4 adders (D:2)
  2 oozes
  2 worms (D:2)
  6 giant geckos
  2 orcs (D:2)
  4 giant cockroaches
  9 goblins
  7 hobgoblins
  2 jackals (D:2)
  2 kobolds (D:2)
  A quokka (D:2)
  A ball python (D:2)
  4 bats
  3 giant newts
  5 rats
56 creatures vanquished.

Vanquished Creatures (others)
  5 toadstools (D:1)
5 creatures vanquished.

Grand Total: 61 creatures vanquished

Notes
Turn   | Place    | Note
--------------------------------------------------------------
     0 | Abyss:1  | Gargoyl the Demonspawn Abyssal Knight began the quest for the Orb.
     0 | Abyss:1  | Reached XP level 1. HP: 18/18 MP: 2/2
    90 | Abyss:1  | Noticed a ynoxinul
    93 | Abyss:1  | Noticed a smoke demon
    95 | D:1      | Escaped the Abyss
   448 | D:1      | Reached skill level 1 in Dodging
   627 | D:1      | Gained mutation: You are immune to rotting. [demonic ancestry]
   627 | D:1      | Reached XP level 2. HP: 21/24 MP: 3/3
  1679 | D:2      | Found a blossoming altar of Fedhas.
  1764 | D:2      | Gained mutation: You have sharp fingernails. [demonic ancestry]
  1764 | D:2      | Reached XP level 3. HP: 27/29 MP: 5/5
  1837 | D:2      | Reached * piety under Lugonu
  2637 | D:2      | Reached XP level 4. HP: 31/36 MP: 6/6
  3160 | D:2      | Found a glowing golden altar of the Shining One.
  3958 | D:2      | Reached skill level 1 in Stealth
  4181 | D:3      | Reached ** piety under Lugonu
  4190 | D:3      | Slain by a gnoll

Action                   |  1- 3 |  4- 6 || total
-------------------------+-------+-------++-------
Melee: Hand axe          |   126 |    94 ||   220
Invok: Depart the Abyss  |     1 |       ||     1
  Use: Potion            |       |     6 ||     6
  Eat: Chunk             |     5 |       ||     5
       Fruit             |     5 |     3 ||     8
